 Dungeon Crawl Stone Soup version 0.30.1-3-gfc49f6343a (webtiles) character file.

Game seed: 15332286457339506847

39055 cheesebisquit the Brawler (level 13, -1/133 HPs)
             Began as a Troll Fighter on July 25, 2023.
             Was a High Priest of Wu Jian.
             Slain by a seven-headed hydra (6 damage)
             ... on level 3 of the Lair of Beasts.
             The game lasted 00:50:58 (13841 turns).

cheesebisquit the Brawler (Troll Fighter)          Turns: 13841, Time: 00:50:59

Health: -1/133     AC: 10    Str: 33    XL:     13   Next: 67%
Magic:  12/12      EV: 13    Int:  8    God:    Wu Jian [*****.]
Gold:   529        SH:  0    Dex:  9    Spells: 6/12 levels left

rFire   + . .        q - +1 morningstar
rCold   + + .        b - +0 kite shield
rNeg    . . .        I - +2 robe {rC+ rF+}
rPois   .            d - +2 hat
rElec   .            f - +1 cloak {rC+}
rCorr   .            (gloves unavailable)
SInv    .            (boots unavailable)
Will    +....        E - amulet of reflection
Stlth   +            n - +6 ring of strength
HPRegen 1.22/turn    p - ring of willpower
MPRegen 0.13/turn

%: reflection
@: confused, ambrosia-drunk, in a heavenly storm, glowing
A: large, unfitting armour, claws 3, regeneration 1, shaggy fur 1, tough skin 1
a: Renounce Religion, Wall Jump, Serpent's Lash, Heavenly Storm


You were on level 3 of the Lair of Beasts.
You worshipped Wu Jian.
Wu Jian was extremely pleased with you.
You visited 3 branches of the dungeon, and saw 16 of its levels.
You also visited: Ice Cave.

You collected 1561 gold pieces.
You spent 1032 gold pieces at shops.

Inventory:

Hand Weapons
 q - a +1 morningstar (weapon)
Missiles
 i - 25 poisoned darts (quivered)
 o - 9 boomerangs
 M - 8 large rocks
Armour
 a - a +0 troll leather armour
 b - a +0 kite shield (worn)
 d - a +2 hat (worn)
 f - a +1 cloak of cold resistance (worn)
 I - a +2 robe of resistance (worn)
 K - +0 ice dragon scales
 L - +2 steam dragon scales
Jewellery
 n - a +6 ring of strength (left claw)
 p - a ring of willpower (right claw)
 y - a ring of protection from cold
 A - a +5 ring of evasion
 E - an amulet of reflection (around neck)
 G - a ring of ice
 P - an amulet of faith
 R - a ring of ice
Wands
 c - a wand of mindburst (44)
 h - a wand of iceblast (10)
 t - a wand of polymorph (27)
 x - a wand of charming (19)
 S - a wand of digging (9)
Scrolls
 l - a scroll of fog {unknown}
 w - 2 scrolls of vulnerability
 C - a scroll of magic mapping {unknown}
 F - 2 scrolls of torment
 J - a scroll of brand weapon {unknown}
 N - a scroll of immolation {unknown}
Potions
 e - 5 potions of mutation
 g - a potion of ambrosia
 j - a potion of lignification {unknown}
 m - 3 potions of cancellation
 s - 2 potions of attraction
 v - 2 potions of magic
 z - 5 potions of flight
 O - a potion of invisibility {unknown}
 T - a potion of resistance {unknown}


   Skills:
 + Level 9.9 Fighting
 + Level 7.9 Dodging
 + Level 10.7 Shields
 * Level 15.8 Unarmed Combat


You had 6 spell levels left.
You knew the following spells:

 Your Spells              Type           Power      Damage    Failure   Level
a - Statue Form           Tmut/Erth      0%         N/A       100%        6

Your spell library contained the following spells:

 Spells                   Type           Power      Damage    Failure   Level
 Freeze                   Ice            0%         1d3       54%         1
 Sting                    Tmut/Pois      0%         1d3       54%         1
 Ensorcelled Hibernation  Hex/Ice        0%         N/A       67%         2
 Poisonous Vapours        Pois/Air       0%         N/A       67%         2
 Frozen Ramparts          Ice            0%         1d1       88%         3
 Hailstorm                Conj/Ice       0%         3d3       88%         3
 Ozocubu's Armour         Ice            0%         N/A       88%         3
 Spider Form              Tmut/Pois      0%         N/A       88%         3
 Anguish                  Hex/Necr       0%         N/A       99%         4
 Cause Fear               Hex            0%         N/A       99%         4
 Olgreb's Toxic Radiance  Pois           0%         N/A       99%         4
 Petrify                  Tmut/Erth      0%         N/A       99%         4
 Metabolic Englaciation   Hex/Ice        0%         N/A       100%        5
 Dragon Form              Tmut           0%         N/A       100%        7
 Ozocubu's Refrigeration  Ice            0%         4d7       100%        7
 Dragon's Call            Summ           0%         N/A       100%        9


Dungeon Overview and Level Annotations

Branches:
Dungeon (12/15)            Temple (1/1) D:5            Lair (3/5) D:11
  Swamp (0/4) Lair:3        Snake (0/4) Lair:2          Orc (0/2) D:12
  IceCv (visited)

Altars:
Ashenzari
Cheibriados
Dithmenos
Elyvilon
Fedhas
Gozag
Hepliaklqana
Kikubaaqudgha
Makhleb
Nemelex Xobeh
Okawaru
Qazlal
Ru
Sif Muna
Trog
Uskayaw
Vehumet
Wu Jian
Xom
Yredelemnul
Zin
The Shining One

Shops:
D:10 [


Innate Abilities, Weirdness & Mutations

You are too large for most types of armour.
You have claws for hands.
Your natural rate of healing is unusually fast.
You are covered in fur. (AC +1)
You have tough skin. (AC +1)


Message History

You block the seven-headed hydra's attack.
The seven-headed hydra bites you!
* * * LOW HITPOINT WARNING * * *
The seven-headed hydra barely misses you.
The seven-headed hydra attacks as you move away!
You block the seven-headed hydra's attack.
The seven-headed hydra completely misses you.
The seven-headed hydra bites you.
* * * LOW HITPOINT WARNING * * *
The seven-headed hydra bites you.
* * * LOW HITPOINT WARNING * * *
The seven-headed hydra misses you.
The seven-headed hydra barely misses you.
The seven-headed hydra bites you but does no damage.
You enter the shallow water.
You spin and attack the lindwurm.
You hit the lindwurm but do no damage. You block the lindwurm's attack.
The lindwurm claws you!
* * * LOW HITPOINT WARNING * * *
The lindwurm claws you!
* * * LOW HITPOINT WARNING * * *
The seven-headed hydra bites you but does no damage.
The seven-headed hydra bites you!
* * * LOW HITPOINT WARNING * * *
You block the seven-headed hydra's attack.
The seven-headed hydra completely misses you.
The seven-headed hydra bites you but does no damage. x2
The seven-headed hydra closely misses you.
Throw: 25 darts (poison)
Press: ? - help, Q - select action, (/) - cycle Shift-Dir - straight line, f - lindwurm
Aim: a lindwurm (golden dust, haloed, 93% to hit)
Okay, then.
Unknown command.
Okay, then.
You are confused.
You feel invigorated. The lindwurm bites you.
* * * LOW HITPOINT WARNING * * *
The lindwurm completely misses you. The lindwurm misses you.
The seven-headed hydra bites you but does no damage.
The seven-headed hydra bites you.
You die...

......# #P...P♣♣♣ ~~~ #..P#
...#..####..#####♣♣##########..##
........#..P........~~~#~~~8#....
#.......#♣..P........~~~~~~~#....
........♣♣♣..♣....♣......~~~#....
........♣♣♣..........†....~~#....
........#♣§§☼#§§§§§..†.♣..~~#....
........#§§§§#☼§§§§..♣.♣...~#....
........#§§§§☼§k@☼§....#...♣#....
........#§§§§☼§♣D§☼~~..#...♣♣....
........#☼P☼♣#§§§☼§~~~.♣...♣♣....
........#k##########♣#♣♣#''##....
........#☼§ #..~~~~~.♣#....#P...
....##..#... #...~~P...'....##.##
.###.#..#k..$#<........'....####
...#....#..?)#........♣#...♣#..##
........#######8P....♣#######....


You could see a seven-headed hydra and a lindwurm.

Vanquished Creatures
  Gastronok (Lair:3)
  A reaper (IceCv)
  Josephine (D:11)
  Erica (D:11)
  2 boulder beetles
  A two-headed ogre (D:11)
  2 skysharks (Lair:2)
  Lodul (D:11)
  A bog body (Lair:2)
  A lindwurm (Lair:3)
  2 cyclopes
  9 elephants
  Maurice (D:12)
  Joseph (D:7)
  6 torpor snails (Lair:1)
  2 ice statues (IceCv)
  7 cane toads
  A black mamba (Lair:3)
  2 unseen horrors
  A kobold demonologist (D:11)
  A freezing wraith (IceCv)
  2 komodo dragons
  9 ice devils
  4 trolls
  2 polar bears
  5 hornets
  3 blink frogs (Lair:1)
  4 wraiths (D:11)
  5 wyverns
  A shadow (D:11)
  A basilisk (Lair:2)
  44 yaks
  3 steam dragons
  A death yak simulacrum (IceCv)
  A harpy simulacrum (IceCv)
  2 nagas (Lair:2)
  5 water moccasins
  7 orc warriors
  2 ice beasts (D:7)
  3 sky beasts
  3 black bears
  6 ogres (D:11)
  9 centaurs
  4 kobold brigands
  Blork the orc (D:4)
  16 bullfrogs
  A gnoll sergeant (D:11)
  4 scorpions
  A two-headed ogre simulacrum (IceCv)
  A cane toad simulacrum (IceCv)
  11 wights
  15 killer bees
  3 hounds
  2 jellies (D:6)
  6 orc priests
  A gnoll bouda (D:7)
  3 iguanas
  2 sleepcaps
  Ijyb (D:4)
  14 orc wizards
  A spriggan simulacrum (IceCv)
  4 troll simulacra (IceCv)
  4 wolf simulacra (IceCv)
  Robin (D:4)
  9 gnolls
  5 adders
  A naga simulacrum (IceCv)
  5 white imps
  5 ufetubi
  5 worms
  3 dart slugs
  The ghost of spardeous the Digger, a weakling FeEE (D:3)
  35 orcs
  5 endoplasms
  3 giant cockroaches
  8 goblins
  11 hobgoblins
  3 jackals (D:3)
  A quokka (D:5)
  8 ball pythons
  6 bats
  3 frilled lizards
  13 kobolds
  7 rats
400 creatures vanquished.

Vanquished Creatures (others)
  A skyshark (Lair:2)
  A kobold (D:11)
2 creatures vanquished.

Grand Total: 402 creatures vanquished

Notes
Turn   | Place    | Note
-------+----------+-------------------------------------------
     0 | D:1      | cheesebisquit the Troll Fighter began the quest for the
                  | Orb.
     0 | D:1      | Reached XP level 1. HP: 22/22 MP: 0/0
   293 | D:1      | Reached XP level 2. HP: 29/29 MP: 1/1
   606 | D:2      | Found a faded altar of an unknown god.
   795 | D:2      | Reached XP level 3. HP: 36/36 MP: 2/2
  1015 | D:3      | Reached skill level 3 in Unarmed Combat
  1095 | D:3      | Found a transporter.
  1101 | D:3      | Noticed spardeous's ghost (weakling FeEE)
  1117 | D:3      | Found a transporter.
  1160 | D:3      | Reached XP level 4. HP: 43/44 MP: 3/3
  1518 | D:3      | You fall into a shaft and drop 1 floor!
  1536 | D:4      | Noticed Blork the orc
  1552 | D:4      | Killed Blork the orc
  1553 | D:4      | Reached skill level 4 in Unarmed Combat
  1553 | D:4      | Reached XP level 5. HP: 20/53 MP: 4/4
  1688 | D:4      | Noticed Ijyb
  1709 | D:4      | Reached XP level 6. HP: 14/61 MP: 5/5
  1710 | D:4      | Killed Ijyb
  1821 | D:4      | Reached skill level 5 in Unarmed Combat
  2015 | D:4      | Noticed Robin
  2034 | D:4      | Killed Robin
  2225 | D:5      | Entered Level 5 of the Dungeon
  2277 | D:5      | Reached XP level 7. HP: 57/68 MP: 6/6
  2415 | D:5      | Found a staircase to the Ecumenical Temple.
  2434 | Temple   | Entered the Ecumenical Temple
  2486 | Temple   | Became a worshipper of the Wu Jian Council
  2661 | D:5      | Reached skill level 6 in Unarmed Combat
  3290 | D:6      | Reached skill level 5 in Shields
  3290 | D:6      | Reached XP level 8. HP: 79/79 MP: 7/7
  3304 | D:6      | Reached skill level 7 in Unarmed Combat
  3366 | D:6      | Learned a level 6 spell: Statue Form
  3405 | D:6      | Reached * piety under Wu Jian
  3721 | D:6      | Found a white marble altar of Elyvilon.
  3824 | D:6      | Reached skill level 5 in Fighting
  4080 | D:7      | Reached skill level 8 in Unarmed Combat
  4580 | D:7      | Reached XP level 9. HP: 52/87 MP: 8/8
  4676 | D:7      | Reached skill level 9 in Unarmed Combat
  4759 | D:7      | Noticed Joseph
  5299 | D:7      | Reached ** piety under Wu Jian
  5372 | D:7      | Killed Joseph
  5373 | D:7      | Reached skill level 10 in Unarmed Combat
  5636 | D:7      | Paralysed by a hornet for 3 turns
  5724 | D:7      | Reached XP level 10. HP: 100/100 MP: 9/9
  6149 | D:8      | Reached skill level 11 in Unarmed Combat
  7016 | D:9      | Found an opulent altar of Gozag.
  7017 | D:9      | Found a sparkling altar of Nemelex Xobeh.
  7018 | D:9      | Found a shimmering altar of Xom.
  7019 | D:9      | Found a glowing silver altar of Zin.
  7129 | D:9      | Reached *** piety under Wu Jian
  7733 | D:10     | Entered Level 10 of the Dungeon
  7733 | D:10     | Found Nishuzoh's Antique Armour Shop.
  7743 | D:10     | Paralysed by a hornet for 1 turns
  7853 | D:10     | Reached XP level 11. HP: 61/109 MP: 10/10
  7884 | D:10     | Found a hazy altar of Hepliaklqana.
  7915 | D:10     | Reached skill level 12 in Unarmed Combat
  7980 | D:10     | Identified the +2 pair of boots of Xotzayr {Rampage rF-
                  | rC++ rCorr}
  8145 | D:10     | Found an iron altar of Okawaru.
  8276 | D:11     | Noticed a two-headed ogre
  8293 | D:11     | Killed a two-headed ogre
  8293 | D:11     | Reached **** piety under Wu Jian
  8438 | D:11     | Reached skill level 5 in Dodging
  8529 | D:11     | Noticed a boulder beetle
  8566 | D:11     | Killed a boulder beetle
  8604 | D:11     | Noticed Erica
  8607 | D:11     | Reached skill level 13 in Unarmed Combat
  8611 | D:11     | Killed Erica
  8648 | D:11     | Found a frozen archway.
  8748 | IceCv    | Entered an ice cave
  8825 | IceCv    | Reached XP level 12. HP: 119/122 MP: 11/11
  8966 | IceCv    | Reached ***** piety under Wu Jian
  9027 | IceCv    | Noticed a reaper
  9042 | IceCv    | Killed a reaper
  9352 | D:10     | Bought runed steam dragon scales for 1032 gold pieces
  9390 | D:11     | Noticed Lodul
  9403 | D:11     | Killed Lodul
  9549 | D:11     | Found a staircase to the Lair.
  9663 | D:11     | Reached skill level 14 in Unarmed Combat
  9668 | D:11     | Noticed Josephine
  9707 | D:11     | Killed Josephine
  9956 | D:12     | Noticed Maurice
  9976 | D:12     | Killed Maurice
 10234 | D:12     | Found a staircase to the Orcish Mines.
 10471 | D:3      | Found a radiant altar of Vehumet.
 10921 | D:3      | Killed spardeous's ghost
 11103 | Lair:1   | Entered Level 1 of the Lair of Beasts
 11232 | Lair:1   | Reached skill level 10 in Shields
 11525 | Lair:1   | Found a snail-covered altar of Cheibriados.
 11565 | Lair:1   | Reached XP level 13. HP: 131/131 MP: 12/12
 12117 | Lair:2   | You fall into a shaft and drop 1 floor!
 12121 | Lair:3   | Found a staircase to the Swamp.
 12134 | Lair:3   | Reached skill level 15 in Unarmed Combat
 12417 | Lair:2   | Found a staircase to the Snake Pit.
 12752 | Lair:3   | Paralysed by a hornet for 2 turns
 12760 | Lair:3   | Paralysed by a hornet for 1 turns
 13301 | Lair:3   | Noticed Gastronok
 13437 | Lair:3   | Killed Gastronok
 13840 | Lair:3   | HP: 5/133 [seven-headed hydra (10)]
 13841 | Lair:3   | Slain by a seven-headed hydra

Illustrated notes

Levels and vault maps discovered:
D:1:      dpeg_arrival_subterranean_lakeside_camping, layout_basic
D:2:      layout_rooms, hellmonk_ecumenical_altar_pennies_from_heaven
D:3:      layout_loops_ring, nicolae_vehumet_altar_sigil, gammafunk_ghost_arena
D:4:      layout_basic, uniq_blork_the_orc, uniq_robin, uniq_ijyb
D:5:      layout_cave_pods, minmay_temple_entry_sparse_star
D:6:      layout_cave_pods, elyvilon_altar_3
D:7:      minmay_polygon_palace, layout_basic, hangedman_decor_growths,
          uniq_joseph
D:8:      layout_basic
D:9:      layout_loops_ring, mainiacjoe_overflow_alcove_3,
          dreamdust_mushroom_princess
D:10:     layout_rooms, mainiacjoe_overflow_chevrons, okawaru_ov_weapons_minmay,
          serial_shops, nicolae_shop_crystal
D:11:     layout_basic, grunt_lair_entry_orc_guard_hut,
          portal_ice_cave_demonic_guard, uniq_josephine, uniq_lodul, uniq_erica
D:12:     layout_roguey, orc_0_dummy, ebering_dispersal_statue_hall,
          uniq_maurice
Temple:   nicolae_temple_ecumenical_triangle
Lair:1:   layout_long_grid, kennysheep_snail_temple
Lair:2:   beargit_carnivore_pack, layout_hall_layers,
          guppyfry_snake_entry_garden
Lair:3:   cheibrodos_lair_overgrown_chateau, layout_cave_pods,
          skrybe_swamp_entry_bodies, infiniplex_staircase_pool, uniq_gastronok

Skill      XL: |  1  2  3  4  5  6  7  8  9 10 11 12 13 |
---------------+----------------------------------------+-----
Shields        | 3 4 5 6 7 8 9 10 | 10.7
Unarmed Combat | 3 4 5 6 8 10 11 13 14 15 | 15.8
Fighting       | 3 4 5 6 7 8 9 |  9.9
Dodging        | 4 5 7 |  7.9

Action                     |  1- 3 |  4- 6 |  7- 9 | 10-12 | 13-15 || total
---------------------------+-------+-------+-------+-------+-------++-------
  Melee: Unarmed           |    86 |   113 |   232 |   667 |   208 ||  1306
         Morningstar       |       |       |       |       |     3 ||     3
  Throw: Dart              |     2 |     4 |    41 |    34 |    33 ||   114
         Boomerang         |       |       |     2 |    56 |    10 ||    68
 Invoke: Serpent's Lash    |       |       |       |       |     1 ||     1
         Heavenly Storm    |       |       |       |       |     1 ||     1
Ability: Lunge             |       |       |    23 |    51 |    18 ||    92
         Whirlwind         |       |       |     1 |    33 |    20 ||    54
  Evoke: Wand              |       |       |       |     2 |     4 ||     6
    Use: Potion            |       |     1 |     5 |     3 |     5 ||    14
         Scroll            |       |       |    11 |     7 |     8 ||    26
   Stab: Sleeping          |     1 |       |       |       |       ||     1
 Armour: Robe              |    27 |    13 |    32 |    35 |    43 ||   150
         Troll leather arm |       |       |       |    47 |       ||    47
         Steam dragon scal |       |       |       |     2 |       ||     2
         Ice dragon scales |       |       |       |    15 |       ||    15
  Dodge: Dodged            |    39 |    36 |    67 |    91 |    59 ||   292
  Block: Kite shield       |    20 |    49 |    83 |   342 |   115 ||   609
         Reflection        |       |       |       |    12 |       ||    12
